 Dungeon Crawl Stone Soup version 0.20.1-1-g8b1a95d (webtiles) character file.

21870 grizmgrazm2 the Unseen (level 12, -8/74 HPs)
             Began as a Vampire Enchanter on Oct 1, 2017.
             Was an Elder of Ashenzari.
             Mangled by a six-headed hydra (10 damage)
             ... on level 4 of the Lair of Beasts.
             The game lasted 01:00:24 (18625 turns).

grizmgrazm2 the Unseen (Vampire Enchanter)         Turns: 18625, Time: 01:00:25

Health: -8/74      AC:  7    Str: 12    XL:     12   Next: 58%
Magic:  11/26      EV: 11    Int: 21    God:    Ashenzari [****..]
Gold:   825        SH:  8    Dex: 16    Spells: 16/31 levels left

rFire    . . .     SeeInvis +   l - +6 dagger (venom) (curse)
rCold    + . .     Gourm    .   g - +0 buckler (curse)
rNeg     + + .     Faith    .   b - +2 robe (curse)
rPois    +         Spirit   .   I - +0 helmet (curse)
rElec    .         Reflect  +   r - +0 cloak (curse)
rCorr    .         Harm     .   (no gloves)
MR       +....     Clarity  +   A - +0 pair of boots
Stlth    +++++++++.             H - +3 amulet of reflection
Regen    0.2/turn               i - ring of stealth (curse)
MPRegen  0.2/turn               o - +5 ring of strength (curse)

@: regenerating slowly
A: fangs 3, see invisible, unbreathing
a: Bat Form, Curse Item, Scrying, Renounce Religion


You were on level 4 of the Lair of Beasts.
You worshipped Ashenzari.
Ashenzari was greatly pleased with you.
You were near bloodless.

You visited 3 branches of the dungeon, and saw 16 of its levels.
You visited the Abyss 2 times.

You collected 825 gold pieces.

Inventory:

Hand Weapons
 l - a cursed +6 dagger of venom (weapon)
 q - a +4 dagger
 v - a +2 dagger of chaos
Armour
 b - a cursed +2 robe (worn)
 g - a cursed +0 buckler (worn)
 r - a cursed +0 cloak (worn)
 A - a +0 pair of boots (worn)
 I - a cursed +0 helmet (worn)
Jewellery
 i - a cursed ring of stealth (left hand)
 o - a cursed +5 ring of strength (right hand)
 H - a +3 amulet of reflection (around neck)
Wands
 k - a wand of flame (15/48)
 s - a wand of polymorph (15/24)
 z - a wand of random effects (21/48)
 B - a wand of polymorph (15/24)
 D - a wand of flame (26/48)
 F - a wand of flame (35/48)
Scrolls
 e - 4 scrolls of amnesia
 f - 4 scrolls of recharging
 h - a scroll of fear
 t - a scroll of summoning
 x - 3 scrolls of teleportation
 C - a scroll of magic mapping
Potions
 a - 8 potions of curing
 d - 33 potions of blood
 j - a potion of ambrosia
 m - a potion of heal wounds
 n - 2 potions of haste
 p - 4 potions of flight
 u - a potion of magic
 G - a potion of agility
Books
 c - a book of Maledictions

   Spells                             Type                      Level
   a - Corona                         Hexes                        1
   b - Ensorcelled Hibernation        Hexes/Ice                    2
   c - Confuse                        Hexes                        3
   d - Tukima's Dance                 Hexes                        3
   e - Dazzling Spray                 Conjuration/Hexes            3
 w - a book of Necromancy

   Spells                             Type                      Level
   a - Pain                           Necromancy                   1
   b - Animate Skeleton               Necromancy                   1
   c - Vampiric Draining              Necromancy                   3
   d - Regeneration                   Charms/Necromancy            3
   e - Animate Dead                   Necromancy                   4
   f - Control Undead                 Necromancy                   4
 y - a book of Minor Magic

   Spells                             Type                      Level
   a - Magic Dart                     Conjuration                  1
   b - Blink                          Translocation                2
   c - Call Imp                       Summoning                    2
   d - Slow                           Hexes                        2
   e - Conjure Flame                  Conjuration/Fire             3
   f - Mephitic Cloud                 Conjuration/Poison/Air       3
 E - a book of Beasts

   Spells                             Type                      Level
   a - Summon Butterflies             Summoning                    1
   b - Call Canine Familiar           Summoning                    3
   c - Summon Ice Beast               Ice/Summoning                4
   d - Summon Mana Viper              Hexes/Summoning              5
   e - Summon Hydra                   Summoning                    7


   Skills:
 + Level 6.5(10.0) Short Blades
 + Level 0.2(0.8) Dodging
 + Level 18.4(20.1) Stealth
 + Level 1.7(3.4) Shields
 + Level 10.2 Spellcasting
 + Level 13.1(15.1) Hexes
 * Level 2.2(4.0) Summonings
 + Level 7.1(9.5) Ice Magic


You had 16 spell levels left.
You knew the following spells:

 Your Spells              Type           Power        Failure   Level  Hunger
a - Ensorcelled Hibernat  Hex/Ice        ######       1%          2    None
b - Confuse               Hex            ######..     1%          3    None
c - Tukima's Dance        Hex            ######..     1%          3    None
d - Blink                 Tloc           N/A          9%          2    None
e - Summon Mana Viper     Hex/Summ       ######..     3%          5    ####...


Dungeon Overview and Level Annotations

Branches:
Dungeon (11/15)            Temple (1/1) D:5            Lair (4/6) D:9
 Shoals (0/4) Lair:2       Spider (0/4) Lair:4          Orc (0/2) D:11

Altars:
Ashenzari
Cheibriados
Dithmenos
Elyvilon
Fedhas
Gozag
Hepliaklqana
Kikubaaqudgha
Makhleb
Nemelex Xobeh
Okawaru
Qazlal
Ru
Sif Muna
Trog
Uskayaw
Vehumet
Xom
Yredelemnul
Zin
The Shining One
Jiyva

Annotations:
D:8 Erica


Innate Abilities, Weirdness & Mutations

You heal slowly.
You have razor-sharp teeth.
You have supernaturally acute eyesight. (SInv)
You can survive without breathing.


Message History

The six-headed hydra resists with some effort.
The six-headed hydra bites you! The six-headed hydra bites you.
The six-headed hydra bites you!
The six-headed hydra barely misses you. x2
The six-headed hydra bites you but does no damage.
Casting: Confuse
Confirm with . or Enter, or press ? or * to list all spells.
Aiming: Confuse
Press: ? - help, Shift-Dir - straight line, f/p - six-headed hydra
Aim: a six-headed hydra (chance to defeat MR: 46%)
The six-headed hydra resists with some effort.
The six-headed hydra bites you!
* * * LOW HITPOINT WARNING * * *
The six-headed hydra bites you.
* * * LOW HITPOINT WARNING * * *
The six-headed hydra bites you!
* * * LOW HITPOINT WARNING * * *
The six-headed hydra bites you.
* * * LOW HITPOINT WARNING * * *
The six-headed hydra barely misses you. The six-headed hydra bites you!
You die...

* *, ### #### ####.#####..##
,, #......##P...# , ,,
#.......##...# ### * * ,, ,
........#....###P######P#.*..*
∩, ....♣♣♣.........@........
..., .♣♣♣♣
♣..#.##.###D......##.# .,* ♣♣
♣*♣..####..<.#####.....#.P , ∆
.♣....#....#..###........, ,*∆
♣P♣.#.................... , *
♣.♣.....###....P......... * *
♣♣P...D..##...........P.# , *
♣P♣......P##...........#. ,
*♣♣)♣......#...#P.........,


You could see a six-headed hydra.

Vanquished Creatures
  Snorg (Lair:3)
  Fannar (Lair:1)
  2 hydras
  2 two-headed ogres
  A sixfirhy (D:7)
  Pikel (D:8)
  An ugly thing (D:11)
  2 elephants (Lair:4)
  Maurice (D:10)
  A merfolk siren (Lair:2)
  The ghost of Patate the Cleaver, a novice HOCK of Xom (D:5)
  Psyche (D:10)
  A black mamba (Lair:2)
  7 spiny frogs
  2 komodo dragons
  A rime drake (shapeshifter) (D:11)
  2 trolls
  4 polar bears
  2 hippogriffs
  A slime creature (Lair:3)
  10 yaks
  A wyvern (Lair:3)
  2 hungry ghosts
  Grum (D:8)
  8 porcupines
  3 water moccasins
  2 slaves (D:8)
  An ice beast (D:8)
  6 orc warriors
  3 phantoms
  3 black bears
  2 sky beasts
  10 wolves
  5 ogres
  4 centaurs
  6 crocodiles
  4 bullfrogs
  A gnoll sergeant (D:9)
  A wyvern zombie (D:11)
  4 big kobolds
  3 scorpions
  A water moccasin skeleton (D:7)
  4 killer bees (D:9)
  3 electric eels
  3 howler monkeys (D:10)
  2 crimson imps
  A centaur zombie (D:8)
  A quasit (D:10)
  12 jellies
  8 orc priests
  A bullfrog skeleton (D:6)
  6 hounds
  14 orc wizards
  4 iguanas
  4 worker ants
  2 hound zombies
  A hound skeleton (D:6)
  A worker ant zombie (D:8)
  7 adders
  15 gnolls
  2 shadow imps
  12 oozes
  2 adder skeletons
  A worm (D:5)
  A dart slug (D:1)
  4 leopard geckos
  50 orcs
  A ball python (D:4)
  6 giant cockroaches
  7 goblins
  10 hobgoblins
  29 jackals
  2 quokkas
  8 bats
  4 frilled lizards
  25 kobolds
  A quokka skeleton (D:4)
  4 rats
374 creatures vanquished.

Vanquished Creatures (collateral kills)
  An oklob plant (Lair:1)
  A plant (Lair:1)
2 creatures vanquished.

Vanquished Creatures (others)
  A dancing weapon (D:7)
  A slave (D:8)
  2 gnolls (D:4)
  2 jackals (D:4)
  7 fungi (Lair:3)
13 creatures vanquished.

Grand Total: 389 creatures vanquished

Notes
Turn   | Place    | Note
-------+----------+-------------------------------------------
     0 | D:1      | grizmgrazm2 the Vampire Enchanter began the quest for the Orb.
     0 | D:1      | Reached XP level 1. HP: 13/13 MP: 3/3
    67 | D:1      | Reached XP level 2. HP: 6/19 MP: 0/5
    72 | D:1      | Learned a level 2 spell: Ensorcelled Hibernation
   756 | D:1      | Reached skill level 5 in Hexes
  1079 | D:1      | Reached skill level 5 in Stealth
  1117 | D:1      | Reached XP level 3. HP: 24/24 MP: 6/6
  1122 | D:1      | Learned a level 3 spell: Confuse
  2377 | D:3      | Reached skill level 1 in Ice Magic
  2377 | D:3      | Reached XP level 4. HP: 31/31 MP: 2/7
  2830 | D:3      | Reached skill level 6 in Stealth
  3279 | D:3      | Reached XP level 5. HP: 36/36 MP: 8/8
  3484 | D:4      | Found a radiant altar of Vehumet.
  3882 | D:4      | Reached skill level 7 in Stealth
  3951 | D:4      | Reached XP level 6. HP: 42/42 MP: 10/10
  3955 | D:4      | Reached skill level 1 in Fighting
  4050 | D:4      | Found a stormy altar of Qazlal.
  4276 | D:4      | Reached skill level 8 in Stealth
  4996 | D:5      | Entered Level 5 of the Dungeon
  5073 | D:5      | Reached XP level 7. HP: 24/48 MP: 6/11
  5428 | D:5      | Found a staircase to the Ecumenical Temple.
  5593 | Temple   | Entered the Ecumenical Temple
  5676 | Temple   | Became a worshipper of Ashenzari the Shackled
  5876 | D:5      | Reached skill level 9 in Stealth
  6217 | D:5      | Learned a level 3 spell: Tukima's Dance
  6272 | D:5      | Noticed Patate's ghost (novice HOCK)
  6422 | D:5      | Paralysed by Patate's ghost for 2 turns
  6424 | D:5      | Cast into level 1 of the Abyss (Patate's ghost)
  6470 | D:5      | Escaped the Abyss
  6602 | D:5      | Cast into level 1 of the Abyss (Patate's ghost)
  6639 | Abyss:1  | Noticed a starcursed mass
  6789 | Abyss:1  | Noticed a water elemental
  6797 | Abyss:1  | Noticed a tentacled starspawn
  6811 | Abyss:3  | Noticed a shadow dragon
  6816 | D:5      | Escaped the Abyss
  7168 | D:6      | Reached * piety under Ashenzari
  7731 | D:6      | Reached XP level 8. HP: 54/54 MP: 11/14
  7940 | D:6      | Reached skill level 10 in Stealth
  8305 | D:7      | Found a burning altar of Makhleb.
  8770 | D:7      | Noticed a sixfirhy
  8771 | D:7      | Found a runed door.
  8783 | D:7      | Killed a sixfirhy
  8783 | D:7      | Reached skill level 11 in Stealth
  8783 | D:7      | Reached skill level 5 in Spellcasting
  8783 | D:7      | Reached XP level 9. HP: 59/59 MP: 16/16
  9253 | D:8      | Noticed Erica
  9448 | D:8      | Noticed Grum
  9638 | D:9      | Noticed a two-headed ogre
  9647 | D:10     | Entered Level 10 of the Dungeon
  9699 | D:10     | Noticed Maurice
  9725 | D:10     | Killed Maurice
  9725 | D:10     | Reached skill level 12 in Stealth
  9784 | D:10     | Reached ** piety under Ashenzari
  9907 | D:10     | Noticed Psyche
  9914 | D:10     | Killed Psyche
  9940 | D:10     | Reached skill level 13 in Stealth
 10259 | D:10     | Learned a level 2 spell: Blink
 10279 | D:10     | Noticed a two-headed ogre
 10283 | D:10     | Killed a two-headed ogre
 10283 | D:10     | Reached XP level 10. HP: 67/67 MP: 14/19
 11175 | D:9      | Reached skill level 5 in Ice Magic
 11462 | D:9      | Reached skill level 10 in Hexes
 11625 | D:9      | Reached skill level 5 in Short Blades
 11889 | D:9      | Reached skill level 14 in Stealth
 12251 | D:9      | Noticed a two-headed ogre
 12259 | D:9      | Killed a two-headed ogre
 12325 | D:9      | Found a staircase to the Lair.
 12330 | Lair:1   | Entered Level 1 of the Lair of Beasts
 12330 | Lair:1   | Noticed Fannar
 12330 | Lair:1   | Noticed a spiny frog
 12330 | Lair:1   | Noticed a spiny frog
 12332 | Lair:1   | Killed Fannar
 12332 | Lair:1   | Reached skill level 1 in Shields
 12334 | Lair:1   | Killed a spiny frog
 12390 | Lair:1   | Killed a spiny frog
 12390 | Lair:1   | Reached skill level 15 in Stealth
 12407 | Lair:1   | Noticed a spiny frog
 12517 | D:9      | Killed a spiny frog
 12517 | D:9      | Reached XP level 11. HP: 62/72 MP: 17/22
 12604 | Lair:1   | Noticed an oklob plant
 12880 | Lair:1   | Reached *** piety under Ashenzari
 13292 | Lair:1   | Reached skill level 16 in Stealth
 13482 | Lair:2   | Found a staircase to the Shoals.
 13725 | Lair:2   | Noticed a four-headed hydra
 13739 | Lair:2   | Killed a four-headed hydra
 14781 | Lair:3   | Reached **** piety under Ashenzari
 14879 | Lair:3   | Reached skill level 17 in Stealth
 15060 | Lair:3   | Noticed Snorg
 15072 | Lair:3   | Killed Snorg
 15549 | Lair:4   | Reached XP level 12. HP: 78/80 MP: 17/24
 15615 | Lair:4   | Noticed a six-headed hydra
 15628 | Lair:4   | Killed a six-headed hydra
 15760 | Lair:4   | Noticed a four-headed hydra
 15770 | Lair:4   | Noticed a six-headed hydra
 16003 | D:8      | Killed Grum
 16200 | D:8      | Noticed Pikel
 16204 | D:8      | Killed Pikel
 16378 | D:8      | Reached skill level 18 in Stealth
 16749 | D:8      | Reached ***** piety under Ashenzari
 16762 | D:8      | Found a viscous altar of Jiyva.
 16961 | D:5      | Killed Patate's ghost
 17578 | D:9      | Learned a level 5 spell: Summon Mana Viper
 17769 | D:11     | Found a staircase to the Orcish Mines.
 17781 | D:11     | Found a labyrinth entrance.
 17782 | D:11     | Found a bloodstained altar of Trog.
 17904 | D:11     | Reached skill level 1 in Summonings
 18011 | D:11     | Reduced skill Dodging to level 1
 18617 | Lair:4   | Reduced skill Fighting to level 1
 18617 | Lair:4   | Reached skill level 10 in Spellcasting
 18625 | Lair:4   | HP: 2/74 [six-headed hydra (3)]
 18625 | Lair:4   | Mangled by a six-headed hydra

Skill      XL: |  1  2  3  4  5  6  7  8  9 10 11 12 |
---------------+-------------------------------------+-----
Hexes          | 5 6 7 9 11 12 13 | 13.1
Stealth        | 5 6 7 8 9 11 13 15 17 18 | 18.4
Ice Magic      | 1 2 4 5 6 7 |  7.1
Short Blades   | 2 3 4 5 6 |  6.5
Fighting       | 1 2 0 |  0.0
Spellcasting   | 3 4 5 6 7 8 10 | 10.2
Dodging        | 3 4 0 |  0.2
Shields        | 1 |  1.7
Summonings     | 2 |  2.2

Action                   |  1- 3 |  4- 6 |  7- 9 | 10-12 || total
-------------------------+-------+-------+-------+-------++-------
Melee: Dagger            |   113 |    56 |   169 |   386 ||   724
       Bite              |     4 |     5 |    10 |    32 ||    51
       Unarmed           |       |       |     1 |       ||     1
 Cast: Corona            |     4 |       |       |       ||     4
       Ensorcelled Hiber |    31 |    37 |    85 |   147 ||   300
       Confuse           |       |     6 |    32 |    61 ||    99
       Tukima's Dance    |       |       |     6 |     5 ||    11
       Blink             |       |       |       |     1 ||     1
       Summon Mana Viper |       |       |       |     2 ||     2
Invok: Curse Item        |       |       |     3 |     4 ||     7
       Transfer Knowledg |       |       |       |     2 ||     2
 Abil: End Transformatio |     1 |     6 |     7 |     2 ||    16
       Bat Form          |     1 |     6 |     7 |     2 ||    16
  Use: Scroll            |    10 |     5 |    11 |    12 ||    38
       Potion            |     1 |     6 |    15 |     9 ||    31
 Stab: Sleeping          |    37 |    33 |    65 |   149 ||   284
       Confused          |       |       |    14 |    37 ||    51
  Eat: Corpse            |     1 |       |       |     1 ||     2
Armor: Robe              |    20 |    11 |    20 |    39 ||    90
Dodge: Dodged            |    74 |    54 |    96 |   139 ||   363
Block: Buckler           |       |       |     6 |    59 ||    65
       Reflection        |       |       |       |     2 ||     2
